[Event "Titled Tuesday Blitz August 1 Late 2023"]
[White "Skytte, Rasmus"]
[Black "vishwa_vijeta"]
[WhiteFideId "1404210"]
[WhiteElo "2253"]
[BlackElo "2595"]
[Result "1-0"]
[Round "2"]
[TimeControl "180+1"]
[Date "2023.08.01"]
[WhiteClock "0:00:01"]
[BlackClock "0:00:00"]
[Board "85"]

1. e4 c5 2. Nf3 d6 3. d4 cxd4 4. Nxd4 Nf6 5. Nc3 g6 6. Be3 Bg7 7. f3 O-O 8. Qd2 Nc6 9. O-O-O d5 10. Nxc6 bxc6 11. Bc4 e6 12. Bb3 Nd7 13. h4 a5 14. Na4 Ba6 15. h5 Ne5 16. hxg6 hxg6 17. Bh6 dxe4 18. Qe3 Qf6 19. Bxg7 Qxg7 20. Qxe4 Rab8 21. Nc5 Rb4 22. Qe1 Bc4 23. f4 Bxb3 24. Qxe5 Qxe5 25. fxe5 Bxc2 26. Nd7 Kg7 27. Kxc2 Rd8 28. Nf6 Rxd1 29. Kxd1 Rxb2 30. Rh7+ Kf8 31. Rh8+ Kg7 32. Rg8+ Kh6 33. Rh8+ Kg5 34. Ne4+ Kf5 35. Nd6+ Kf4 36. Nxf7 Rxg2 37. Rf8 Ke3 38. Kc1 g5 39. Nd6 g4 40. Nc4+ Kd4 41. Nxa5 c5 42. Kb1 Kxe5 43. Nb3 c4 44. Nc1 g3 45. a4 c3 46. Rg8 Kf4 47. a5 Rb2+ 48. Ka1 Rb5 49. Ne2+ Ke3 50. Nxc3 Rxa5+ 51. Kb2 Kf3 52. Rf8+ Rf5 53. Rg8 g2 54. Nd1 Rf4 55. Kc2 Rg4 56. Rf8+ Ke2 57. Rf2+ Ke1 58. Rd2 g1=Q 59. Nc3 1-0


[Site "https://www.chess.com"]

[Event "Titled Tuesday Blitz August 1 Late 2023"]
[White "Broca Jimenez, Fernando"]
[Black "Gireman, Ja"]
[WhiteFideId "5104742"]
[BlackFideId "5043794"]
[WhiteElo "2244"]
[BlackElo "2591"]
[Result "0-1"]
[Round "2"]
[TimeControl "180+1"]
[Date "2023.08.01"]
[WhiteClock "0:00:02"]
[BlackClock "0:00:48"]
[Board "86"]

1. Nf3 Nf6 2. b3 g6 3. Bb2 Bg7 4. d3 O-O 5. e4 d5 6. Nbd2 c5 7. g3 Nc6 8. Bg2 Re8 9. O-O Nxe4 10. Bxg7 Nxd2 11. Qxd2 Kxg7 12. Qc3+ e5 13. Qxc5 Be6 14. Rfe1 Rc8 15. Qb5 Qc7 16. Rad1 a6 17. Qc5 f6 18. c4 d4 19. Nd2 b6 20. Qxc6 Qxc6 21. Bxc6 Rxc6 22. f3 b5 23. Rb1 Rec8 24. Kf2 h5 25. Re2 Bf7 26. Rbe1 g5 27. f4 exf4 28. gxf4 gxf4 29. Re7 R6c7 30. Nf3 Kf8 31. Rxc7 Rxc7 32. Nxd4 Rd7 33. Re4 bxc4 34. bxc4 Bg6 35. Rxf4 Kf7 36. Ke3 Rb7 37. Nf5 Rb2 38. Nd6+ Kg7 39. h4 Rxa2 40. c5 Ra3 41. Rd4 Rc3 42. Nc4 Bxd3 43. Rxd3 Rxc4 44. Rd5 Kg6 45. Kd3 Rc1 46. Rd4 Rxc5 47. Rc4 Rxc4 48. Kxc4 Kf5 49. Kc5 Kg4 0-1


[Site "https://www.chess.com"]

[Event "Titled Tuesday Blitz August 1 Late 2023"]
[White "Suder, Jakub"]
[Black "Curtis, John"]
[WhiteFideId "1195310"]
[BlackFideId "3200256"]
[WhiteElo "2586"]
[BlackElo "2089"]
[Result "1-0"]
[Round "2"]
[TimeControl "180+1"]
[Date "2023.08.01"]
[WhiteClock "0:01:16"]
[BlackClock "0:00:00"]
[Board "87"]

1. d4 Nf6 2. c4 e6 3. Nc3 Bb4 4. f3 d5 5. a3 Bxc3+ 6. bxc3 c5 7. cxd5 exd5 8. e3 O-O 9. Bd3 Re8 10. Ne2 Nc6 11. O-O Qa5 12. Rb1 Qc7 13. Ng3 b6 14. Rb2 Na5 15. Re2 cxd4 16. cxd4 Nc4 17. e4 b5 18. e5 Nd7 19. f4 Ndb6 20. Kh1 Na4 21. Qe1 Qb6 22. Qf2 Bg4 23. Rc2 b4 24. axb4 Bd7 25. f5 Qxb4 26. f6 g6 27. Bxc4 dxc4 28. Bd2 1-0


[Site "https://www.chess.com"]

[Event "Titled Tuesday Blitz August 1 Late 2023"]
[White "Bortnyk, Olexandr"]
[Black "Francisco_Ferrari"]
[WhiteFideId "14120828"]
[WhiteElo "3064"]
[BlackElo "2231"]
[Result "1-0"]
[Round "2"]
[TimeControl "180+1"]
[Date "2023.08.01"]
[WhiteClock "0:02:46"]
[BlackClock "0:00:07"]
[Board "88"]

1. d4 Nf6 2. Nc3 d5 3. Bf4 e6 4. Nb5 Na6 5. e3 c6 6. Nc3 Bd6 7. Bxa6 Bxf4 8. Bxb7 Bxb7 9. exf4 Qb6 10. Rb1 c5 11. Nge2 Ba6 12. dxc5 Qxc5 13. O-O d4 14. b4 Qc4 15. b5 dxc3 16. bxa6 Nd5 17. Qd3 Qxd3 18. cxd3 O-O 19. Rfc1 Rfc8 20. g3 Rc6 21. Rb7 Rxa6 22. Nxc3 Rc8 23. Ne2 Rxc1+ 24. Nxc1 Kf8 25. Kg2 Rc6 26. Nb3 Rc2 27. Rxa7 Nb4 28. d4 Nxa2 29. Nc5 Nc3 30. Rc7 Rd2 31. Nxe6+ fxe6 32. Rxc3 Rxd4 33. Kf3 Kf7 34. Ke3 Rd5 35. h4 Kf6 36. Ke4 Ra5 37. Rc6 Ra4+ 38. Kf3 Ra3+ 39. Kg4 Ra5 40. h5 g6 41. hxg6 hxg6 42. Rc8 Ra2 43. f3 Ra3 44. Rf8+ Ke7 45. Rb8 Kf6 46. Rb5 Ra4 47. Re5 Ra3 48. Re1 Rc3 49. Re2 Rc5 50. Rd2 Rd5 51. Rxd5 exd5 52. Kh3 Kf5 53. Kg2 g5 54. fxg5 Kxg5 55. Kf2 Kf5 56. Ke3 Ke5 57. Kd3 d4 58. Kc4 d3 59. Kxd3 1-0


[Site "https://www.chess.com"]

[Event "Titled Tuesday Blitz August 1 Late 2023"]
[White "Urbina Perez, Juan Antonio"]
[Black "Harshavardhan G B"]
[WhiteFideId "2217368"]
[BlackFideId "25059009"]
[WhiteElo "2463"]
[BlackElo "2865"]
[Result "0-1"]
[Round "2"]
[TimeControl "180+1"]
[Date "2023.08.01"]
[WhiteClock "0:00:00"]
[BlackClock "0:00:14"]
[Board "89"]

1. d4 Nf6 2. Nf3 c5 3. c3 d5 4. e3 Nc6 5. Bd3 g6 6. O-O b6 7. Nbd2 Bg7 8. dxc5 bxc5 9. e4 e6 10. exd5 exd5 11. Re1+ Be6 12. Bb5 Qb6 13. Qa4 O-O 14. Bxc6 Rab8 15. Ng5 Bf5 16. c4 d4 17. Nde4 h6 18. Nxf6+ Bxf6 19. Ne4 Bg7 20. Bf4 Rbc8 21. Bd7 Bxd7 22. Qxd7 Qxb2 23. Rab1 Qc2 24. Nd6 Rcd8 25. Qxa7 d3 26. Qxc5 g5 27. Bg3 d2 28. Red1 Rb8 29. Nb5 Rfe8 30. h4 Qxb1 31. Rxb1 Re1+ 32. Kh2 Rxb1 33. Bxb8 d1=Q 34. Qc8+ Bf8 35. Bd6 Kh7 36. Qxf8 Qh5 37. Bg3 gxh4 38. Bd6 h3 0-1


[Site "https://www.chess.com"]

[Event "Titled Tuesday Blitz August 1 Late 2023"]
[White "ArchibaldCerveza29"]
[Black "Rustemov, Alexander"]
[BlackFideId "4119002"]
[WhiteElo "2474"]
[BlackElo "2837"]
[Result "0-1"]
[Round "2"]
[TimeControl "180+1"]
[Date "2023.08.01"]
[WhiteClock "0:00:00"]
[BlackClock "0:00:08"]
[Board "90"]

1. e4 e6 2. d4 d5 3. Nd2 dxe4 4. Nxe4 Bd7 5. Bd3 Bc6 6. Nf3 Nd7 7. O-O Ngf6 8. Ng3 Be7 9. c3 O-O 10. Re1 b6 11. Qe2 Bb7 12. Bc2 c5 13. dxc5 Bxc5 14. Bg5 Qc7 15. Rad1 h6 16. Bc1 Rad8 17. a4 Rfe8 18. Bb3 a6 19. Bc4 Qc8 20. Bf4 Ng4 21. Nh1 Qa8 22. Nd4 Ngf6 23. Nf3 Bxf3 24. Qxf3 Qxf3 25. gxf3 a5 26. Ng3 Nf8 27. Bb5 Rxd1 28. Rxd1 Rc8 29. Be3 Nd5 30. Bxc5 Rxc5 31. Ne4 Rc7 32. Kf1 Ng6 33. Nd6 Kf8 34. Nc4 Ke7 35. Rd2 Ngf4 36. Ne3 g5 37. Ng4 h5 38. Ne5 Kf6 39. Nd7+ Kf5 40. c4 Nb4 41. Nxb6 Nfd3 42. Nd7 Kf4 43. Nf6 h4 44. Ne4 f5 45. Nd6 Kxf3 46. Ne8 Rc8 47. Ng7 Nc5 48. Rd6 Nbd3 49. Nxe6 Nxe6 50. Rxe6 Nxb2 51. Re5 Kf4 52. Rd5 g4 53. Bd7 Rf8 54. c5 Ke4 55. Bc6 Rf6 56. Rd6+ Ke5 57. Rxf6 Kxf6 58. Bb5 Ke5 59. c6 Kd6 60. Ke2 f4 61. Kd2 h3 62. Ke2 Nd1 63. Kxd1 g3 64. fxg3 fxg3 0-1


[Site "https://www.chess.com"]

[Event "Titled Tuesday Blitz August 1 Late 2023"]
[White "Baches Garcia, Guillermo"]
[Black "Fiorito, Joaquin"]
[WhiteFideId "2209764"]
[BlackFideId "180173"]
[WhiteElo "2435"]
[BlackElo "2701"]
[Result "1-0"]
[Round "2"]
[TimeControl "180+1"]
[Date "2023.08.01"]
[WhiteClock "0:00:13"]
[BlackClock "0:00:10"]
[Board "91"]

1. e4 c5 2. Nf3 d6 3. d4 cxd4 4. Nxd4 Nf6 5. Nc3 a6 6. Be3 e5 7. Nb3 Be7 8. f3 Be6 9. Qd2 h5 10. Nd5 Nxd5 11. exd5 Bf5 12. Bd3 Bxd3 13. Qxd3 Bh4+ 14. g3 Be7 15. O-O-O Nd7 16. Kb1 Rc8 17. Nd2 b5 18. g4 Nb6 19. Bxb6 Qxb6 20. Ne4 h4 21. g5 g6 22. f4 exf4 23. Nf6+ Bxf6 24. gxf6 O-O 25. Rhg1 Kh7 26. Rg4 Qf2 27. Rd2 Qe1+ 28. Rd1 Qf2 29. Rd2 Qe3 30. Rxh4+ Kg8 31. a3 Rfe8 32. Rh6 Re4 33. Qf1 Rce8 34. Ka2 Qxd2 35. Rh8+ Kxh8 36. Qh3+ Kg8 37. Qh6 Qxd5+ 38. b3 Qxb3+ 39. Kxb3 Re3+ 40. Kb2 1-0


[Site "https://www.chess.com"]

[Event "Titled Tuesday Blitz August 1 Late 2023"]
[White "Wu, Derek"]
[Black "Arnold, Ken"]
[WhiteFideId "30914558"]
[BlackFideId "2056836"]
[WhiteElo "2699"]
[BlackElo "2423"]
[Result "0-1"]
[Round "2"]
[TimeControl "180+1"]
[Date "2023.08.01"]
[WhiteClock "0:00:40"]
[BlackClock "0:01:05"]
[Board "92"]

1. e4 c6 2. d4 d5 3. e5 Bf5 4. Nd2 e6 5. Nb3 Nd7 6. Nf3 Ne7 7. Be2 Bg6 8. O-O Nf5 9. a4 a5 10. Bd2 Qc7 11. g4 Nh6 12. Nh4 Be7 13. Ng2 Ng8 14. f4 f5 15. Ne3 Nh6 16. Kh1 fxg4 17. Nxg4 Nxg4 18. Bxg4 Be4+ 19. Bf3 Bf5 20. Rc1 O-O 21. Qe1 b6 22. Qg3 Kh8 23. Rg1 Rf7 24. c4 Qd8 25. Be1 Nf8 26. Bh5 Ng6 27. cxd5 Be4+ 28. Bf3 Qxd5 29. Nd2 Bxf3+ 30. Qxf3 Nxf4 31. Rxc6 Bb4 32. Rxe6 Qxf3+ 33. Nxf3 Nxe6 34. Bxb4 axb4 35. Rg3 Rxf3 36. d5 Rxg3 0-1


[Site "https://www.chess.com"]

[Event "Titled Tuesday Blitz August 1 Late 2023"]
[White "Kielinkei"]
[Black "Wieczorek, Oskar"]
[BlackFideId "1133950"]
[WhiteElo "2422"]
[BlackElo "2650"]
[Result "0-1"]
[Round "2"]
[TimeControl "180+1"]
[Date "2023.08.01"]
[WhiteClock "0:00:00"]
[BlackClock "0:00:16"]
[Board "93"]

1. e4 c5 2. c3 d6 3. d4 Nf6 4. dxc5 Nc6 5. cxd6 Nxe4 6. Nf3 Nxd6 7. Be2 g6 8. O-O Bg7 9. Na3 O-O 10. Nc4 Nxc4 11. Bxc4 Qxd1 12. Rxd1 Bg4 13. Be2 Rfd8 14. Be3 h6 15. h3 Be6 16. Bb5 a6 17. Bxc6 bxc6 18. Rxd8+ Rxd8 19. Bd4 f6 20. Bc5 Kf7 21. Nd4 Bd5 22. b3 e5 23. Nc2 Be4 24. Ne3 f5 25. Nc4 Ke6 26. Re1 Rd5 27. Bb6 Bd3 28. Na5 e4 29. Nxc6 Bxc3 30. Rc1 Bd2 31. Rd1 Bc2 32. Rf1 Kd7 33. Nd4 Bd3 34. Rd1 e3 35. fxe3 Bxe3+ 36. Kh1 Be4 37. Kh2 f4 38. Kh1 g5 39. Ba7 f3 40. gxf3 Bxf3+ 41. Nxf3 Rxd1+ 42. Kg2 Bxa7 0-1


[Site "https://www.chess.com"]

[Event "Titled Tuesday Blitz August 1 Late 2023"]
[White "Pesotskiy, Mikhail"]
[Black "Ponikarovsky, Alexey"]
[WhiteFideId "34164453"]
[BlackFideId "4122887"]
[WhiteElo "2384"]
[BlackElo "2645"]
[Result "0-1"]
[Round "2"]
[TimeControl "180+1"]
[Date "2023.08.01"]
[WhiteClock "0:01:19"]
[BlackClock "0:02:02"]
[Board "94"]

1. d4 Nf6 2. c4 e6 3. Nc3 d5 4. cxd5 Nxd5 5. e4 Nxc3 6. bxc3 c5 7. Rb1 cxd4 8. cxd4 Be7 9. Bb5+ Bd7 10. Qa4 O-O 11. Nf3 Bxb5 12. Rxb5 b6 13. O-O Nd7 14. Ba3 Bxa3 15. Qxa3 Nf6 16. Re1 Qd7 17. Rbb1 Rac8 18. Rbc1 h6 19. h3 Rfd8 20. Qe3 Qa4 21. Rxc8 Rxc8 22. Qb3 Qxb3 23. axb3 Rc3 24. Ra1 a5 25. Nd2 Rd3 26. Nc4 Rxb3 27. e5 Nd5 28. Rc1 a4 29. Nd6 Nc3 0-1


[Site "https://www.chess.com"]

[Event "Titled Tuesday Blitz August 1 Late 2023"]
[White "Sun, Rick"]
[Black "FuenfgegenWilly"]
[WhiteFideId "30909481"]
[WhiteElo "2636"]
[BlackElo "2415"]
[Result "0-1"]
[Round "2"]
[TimeControl "180+1"]
[Date "2023.08.01"]
[WhiteClock "0:00:15"]
[BlackClock "0:00:14"]
[Board "95"]

1. e4 c5 2. Nc3 a6 3. Nf3 b5 4. d4 cxd4 5. Qxd4 Bb7 6. a4 Nc6 7. Qe3 b4 8. Nd5 e6 9. Nb6 Rb8 10. a5 Nf6 11. Bc4 Be7 12. e5 Ng4 13. Qf4 Nh6 14. O-O O-O 15. Rd1 Bc8 16. Bd3 f5 17. exf6 Rxf6 18. Qe4 Nf5 19. Bg5 Rf7 20. Nxc8 Qxc8 21. Bxe7 Ncxe7 22. Ng5 Rf6 23. g4 Rg6 24. f4 Qc5+ 25. Kh1 Ne3 26. Rg1 Rf8 27. Rae1 N3d5 28. f5 exf5 29. gxf5 Nxf5 30. Nxh7 Rxg1+ 31. Rxg1 Kxh7 32. Qe5 g6 33. Rg4 Qc6 34. Bxf5 Rxf5 35. Rh4+ Rh5 36. Rxh5+ gxh5 37. Qxh5+ Kg7 38. Qg5+ Kf7 39. Qh5+ Ke7 40. Qg5+ Nf6+ 41. Kg1 Qe6 42. Qg7+ Kd6 43. Qf8+ Qe7 44. Qb8+ Ke6 45. Qb6+ Qd6 46. Qe3+ Kf5 47. Qf3+ Qf4 48. Qd3+ Ke6 49. Qxa6+ d6 50. Qb5 Qc1+ 51. Kg2 Qxc2+ 52. Kg3 Qb3+ 53. Kg2 Qd5+ 54. Qxd5+ Kxd5 55. h4 Kc5 56. Kf3 Kb5 57. Kf4 Kxa5 58. Kf5 Ng8 59. Ke6 Ka4 60. Kxd6 Kb3 61. Kc5 Nh6 62. Kb5 Nf5 63. h5 Nh6 64. Kc5 Ka4 65. Kc4 Ka5 66. Kc5 Ng4 67. Kc4 Ne5+ 68. Kc5 Ka4 69. h6 Kb3 70. h7 Nf7 71. Kb5 Nd6+ 72. Kc6 Nf7 73. Kc5 Nh8 74. Kb5 Ng6 75. Kc5 Ka4 76. Kc4 Ka5 77. b3 Nh8 78. Kc5 Nf7 79. Kd5 Kb5 80. Ke6 Ng5+ 81. Kd5 Nxh7 82. Kd6 Ng5 83. Kd5 Nf3 84. Ke4 Nd2+ 85. Kd3 Nxb3 86. Kc2 Na5 87. Kb2 Ka4 88. Kb1 Ka3 89. Ka1 b3 90. Kb1 b2 91. Kc2 Ka2 92. Kc3 b1=Q 93. Kd2 Qb3 94. Kc1 Qb2+ 95. Kd1 Kb3 96. Ke1 Kc3 97. Kf1 Kd3 98. Kg1 Ke3 99. Kh1 Kf3 100. Kg1 Qg2# 0-1


[Site "https://www.chess.com"]

[Event "Titled Tuesday Blitz August 1 Late 2023"]
[White "Khater, Sherif"]
[Black "Li, Hui"]
[WhiteFideId "2034280"]
[BlackFideId "15400310"]
[WhiteElo "2597"]
[BlackElo "2373"]
[Result "1-0"]
[Round "2"]
[TimeControl "180+1"]
[Date "2023.08.01"]
[WhiteClock "0:00:19"]
[BlackClock "0:00:02"]
[Board "96"]

1. d4 d5 2. Nf3 Nf6 3. b3 e6 4. Bb2 Be7 5. Nbd2 O-O 6. g3 b6 7. Bg2 Bb7 8. O-O Nbd7 9. e3 c5 10. c4 dxc4 11. Nxc4 cxd4 12. Nxd4 Bxg2 13. Kxg2 Qc7 14. Rc1 Qb7+ 15. Kg1 Rac8 16. Nb5 Rc7 17. Nxc7 Qxc7 18. Ne5 Qb7 19. Nxd7 Nxd7 20. Qg4 Bf6 21. Bxf6 Nxf6 22. Qc4 h5 23. Qc6 Qa6 24. Qa4 Qe2 25. Qxa7 h4 26. Qb7 Qxa2 27. Qxb6 Nd5 28. Qb7 Qe2 29. Rc8 g6 30. Rxf8+ Kxf8 31. Qc8+ Kg7 32. Qc1 Kh7 33. Qd1 Qb2 34. gxh4 Nc3 35. Qf3 Qxb3 36. Qxf7+ Kh6 37. Qf3 Qb5 38. Qf8+ Kh7 39. Qe7+ Kh6 40. Qg5+ Qxg5+ 41. hxg5+ Kxg5 42. Ra1 Ne4 43. Ra5+ Kf6 44. Kg2 Nc3 45. Ra8 Nd5 46. Rf8+ Kg7 47. Ra8 Kf7 48. e4 Nc3 49. f3 Ne2 50. Kf2 Nf4 51. h4 Nd3+ 52. Ke3 Ne5 53. Ra7+ Kf6 54. Ra8 Kf7 55. Ra1 Nc4+ 56. Kf4 Nb2 57. Ra7+ Kf8 58. Kg5 Nd3 59. Kxg6 Ne5+ 60. Kf6 Nxf3 61. Ra8# 1-0


[Site "https://www.chess.com"]

[Event "Titled Tuesday Blitz August 1 Late 2023"]
[White "Taboas Rodriguez, Daniel"]
[Black "Slavin, Alexey"]
[WhiteFideId "2208466"]
[BlackFideId "24104388"]
[WhiteElo "2570"]
[BlackElo "2357"]
[Result "1/2-1/2"]
[Round "2"]
[TimeControl "180+1"]
[Date "2023.08.01"]
[WhiteClock "0:00:05"]
[BlackClock "0:00:09"]
[Board "97"]

1. d4 Nc6 2. Nf3 d6 3. d5 Ne5 4. Nxe5 dxe5 5. e4 Nf6 6. Nc3 a6 7. Bd3 e6 8. Bg5 Be7 9. dxe6 Bxe6 10. O-O O-O 11. Qe2 c6 12. Rad1 Qc7 13. Bc4 Bg4 14. f3 Bc8 15. Bb3 b5 16. Kh1 a5 17. a4 b4 18. Nb1 Ba6 19. Bc4 Bb7 20. Nd2 Rad8 21. Nb3 h6 22. Be3 Rxd1 23. Rxd1 Rd8 24. Rxd8+ Qxd8 25. Qd3 Qc7 26. Ba6 Ba8 27. Nd2 Nd7 28. b3 Bc5 29. Bc4 Bxe3 30. Qxe3 Qb6 31. Qxb6 Nxb6 32. Kg1 Bb7 33. Kf2 Bc8 34. Ke3 Kf8 35. g3 Ke7 36. f4 f6 37. f5 Kd6 38. g4 Kc5 39. h4 Bd7 40. Bd3 Be8 41. Nf3 Bf7 42. g5 hxg5 43. hxg5 Kd6 44. g6 Bg8 45. Nh2 c5 46. Be2 c4 47. Bd1 Nd7 48. Nf1 Nc5 49. Nd2 cxb3 50. cxb3 Kc6 51. Bc2 Kd6 52. Kf3 Kc6 53. Ke3 Nb7 54. Nf1 Nd6 55. Ng3 Kd7 56. Nh5 Ne8 57. Kd2 Ke7 58. Kc1 Kf8 59. Kb2 Nd6 60. Bd3 Nb7 61. Bc2 Nc5 62. Ng3 Ke7 63. Ne2 Kd6 64. Ng3 Ke7 65. Ne2 Nb7 66. Ng3 Nd6 67. Bd3 Nb7 68. Bc2 Nc5 1/2-1/2


[Site "https://www.chess.com"]

[Event "Titled Tuesday Blitz August 1 Late 2023"]
[White "Estrada Nieto, Julian"]
[Black "2good4u734"]
[WhiteFideId "5101018"]
[WhiteElo "2519"]
[BlackElo "2337"]
[Result "1/2-1/2"]
[Round "2"]
[TimeControl "180+1"]
[Date "2023.08.01"]
[WhiteClock "0:00:09"]
[BlackClock "0:00:06"]
[Board "98"]

1. e4 c6 2. d4 d5 3. exd5 cxd5 4. c3 Bf5 5. Bf4 Nc6 6. Nf3 e6 7. Qb3 Qd7 8. Bb5 Bd6 9. Ne5 Bxe5 10. Bxe5 Nf6 11. Bxf6 gxf6 12. O-O a6 13. Bxc6 Qxc6 14. Nd2 O-O 15. Rfe1 Kh8 16. Qb4 Qc7 17. Re3 Rg8 18. Rg3 Rg6 19. Nf3 Be4 20. Nd2 Bf5 21. Re1 Rxg3 22. hxg3 Rg8 23. Qb3 Bd3 24. Qd1 Qb6 25. Qf3 Bf5 26. b3 Qa5 27. a4 Qb6 28. b4 Qc6 29. a5 Kg7 30. Re3 Rc8 31. g4 Bg6 32. Qf4 Qa4 33. Nf3 Qa1+ 34. Kh2 Rxc3 35. g5 fxg5 36. Nxg5 Rxe3 37. Qxe3 Qb1 38. Qe5+ Kh6 39. Qf4 Qf5 40. Nxf7+ Kg7 41. Qxf5 Bxf5 42. Nd6 Kf6 43. Nxb7 e5 44. Nc5 exd4 45. Kg1 d3 46. Kf1 Ke5 47. Ke1 Kd4 48. Kd2 Kc4 49. Nxa6 Kb5 50. Nc7+ Kxb4 51. Nxd5+ Kxa5 52. Nf4 Kb5 53. Nxd3 Kc6 54. Nf4 Kd6 55. f3 Ke5 56. Ke3 Bd7 57. g4 Bc6 58. Nd3+ Kf6 59. f4 Bd7 60. Ne5 Be6 61. Ke4 Bc8 62. g5+ Ke7 63. f5 Bb7+ 64. Kf4 Bd5 65. Ng4 Kf7 66. Ke5 Ba2 67. Kf4 Kg7 68. Ne5 Bb1 69. f6+ Kf8 70. Ke3 Ba2 71. Kf4 Bb1 72. Ng4 Kf7 73. Nh6+ Kg6 74. Ng8 Ba2 75. Ne7+ Kf7 76. Nf5 Bb1 77. Nd6+ Kg6 78. Ne4 h6 79. gxh6 Kxh6 80. Ng5 Kg6 81. Ke5 Ba2 82. Ne6 Kf7 83. Ng5+ Kf8 84. Ne4 Kf7 85. Nd6+ Kf8 86. Kf5 Bb1+ 87. Kg5 Bc2 88. Nc8 Bb3 89. Ne7 Kf7 90. Ng6 Ba2 91. Ne5+ Kf8 92. Nf3 Bb1 93. Nd4 Bd3 94. Kf4 Bc4 95. Ke5 Ba2 96. Nf5 Kf7 97. Nd6+ Kf8 98. Nb5 Bb3 99. Nc3 Bc4 100. Ne4 Bb3 101. Nd6 Ba2 1/2-1/2


[Site "https://www.chess.com"]

[Event "Titled Tuesday Blitz August 1 Late 2023"]
[White "Kula, Robert"]
[Black "Gasparyan, David"]
[WhiteFideId "1101218"]
[BlackFideId "13311980"]
[WhiteElo "2234"]
[BlackElo "2514"]
[Result "1-0"]
[Round "2"]
[TimeControl "180+1"]
[Date "2023.08.01"]
[WhiteClock "0:00:14"]
[BlackClock "0:00:17"]
[Board "99"]

1. e4 c5 2. c4 Nc6 3. Nc3 e6 4. d3 Nf6 5. Bg5 h6 6. Bh4 Bd6 7. Be2 a6 8. a3 Nd4 9. Nf3 Nxf3+ 10. Bxf3 Qc7 11. Bg3 Be5 12. Qe2 g5 13. O-O-O Rg8 14. Qc2 g4 15. Be2 d6 16. Bxe5 dxe5 17. Qd2 Rg6 18. h3 gxh3 19. Rxh3 Bd7 20. Rxh6 Rxh6 21. Qxh6 Ng8 22. Qg7 O-O-O 23. Qxf7 Qd6 24. Qf3 Ne7 25. Rh1 Nc6 26. Rh7 Nd4 27. Qh5 Bc6 28. Bd1 Rf8 29. Rh8 Rxh8 30. Qxh8+ Kc7 31. Qf6 b5 32. cxb5 axb5 33. g3 b4 34. axb4 cxb4 35. Ne2 Qc5+ 36. Kd2 b3 37. Nxd4 Qb4+ 38. Ke2 Qxd4 39. Qe7+ Kb6 40. Qa3 Bb5 41. Qxb3 Qxe4+ 42. Kd2 Qf5 43. f3 Qg5+ 44. Kc2 Qxg3 45. Qxe6+ Kc7 46. Qe7+ Kc6 47. Qe6+ Kc7 48. Qe7+ Kc6 49. Qe8+ Kb6 50. Qb8+ Kc6 51. Qc8+ Kd6 52. Qb8+ Kc6 53. Qc8+ Kb6 54. Qb8+ Kc5 55. d4+ Kb4 56. Qd6+ Ka5 57. b4+ Ka4 58. Kb2# 1-0


[Site "https://www.chess.com"]

[Event "Titled Tuesday Blitz August 1 Late 2023"]
[White "Penagalapati, Abhinav"]
[Black "Haszon, David"]
[WhiteFideId "30938210"]
[BlackFideId "733610"]
[WhiteElo "2071"]
[BlackElo "2500"]
[Result "0-1"]
[Round "2"]
[TimeControl "180+1"]
[Date "2023.08.01"]
[WhiteClock "0:01:06"]
[BlackClock "0:01:46"]
[Board "100"]

1. Nf3 Nf6 2. g3 g6 3. Bg2 Bg7 4. O-O O-O 5. d4 d5 6. c4 c6 7. Nc3 Ne4 8. cxd5 cxd5 9. Ne5 Nxc3 10. bxc3 Nc6 11. Nxc6 bxc6 12. Ba3 Re8 13. e4 Ba6 14. Re1 Bc4 15. Qa4 Bb5 16. Qc2 e6 17. Rab1 Rb8 18. Bc5 Qa5 19. Bd6 Rbd8 20. Bb4 Qa6 21. Qb2 Bc4 22. a3 Rb8 23. Qd2 Bd3 24. Rbd1 Bc4 25. Rb1 Qa4 26. Bf3 a5 27. Bd1 Qb5 28. Bd6 Qxb1 29. Ba4 Qb7 30. exd5 exd5 31. Bxb8 Qxb8 32. Bxc6 Rxe1+ 33. Qxe1 Bf8 34. a4 Qd6 35. Qe8 Qe7 0-1


[Site "https://www.chess.com"]

[Event "Titled Tuesday Blitz August 1 Late 2023"]
[White "De Souza, Cristiano Gomes"]
[Black "Pranav, V"]
[WhiteFideId "2151758"]
[BlackFideId "25060783"]
[WhiteElo "2218"]
[BlackElo "3010"]
[Result "0-1"]
[Round "2"]
[TimeControl "180+1"]
[Date "2023.08.01"]
[WhiteClock "0:00:14"]
[BlackClock "0:01:21"]
[Board "101"]

1. d4 Nf6 2. c4 e6 3. Nf3 b6 4. g3 Bb7 5. Bg2 Be7 6. O-O O-O 7. Nc3 d5 8. b3 Nbd7 9. Bb2 Re8 10. Rc1 a6 11. Re1 Rc8 12. Nd2 c5 13. dxc5 bxc5 14. cxd5 exd5 15. e4 d4 16. Na4 Bf8 17. f4 Bc6 18. e5 Nd5 19. Ne4 Ne3 20. Rxe3 dxe3 21. Qe2 c4 22. Qxe3 cxb3 23. axb3 Bxa4 24. bxa4 Rxc1+ 25. Qxc1 Qb6+ 26. Kh1 Rb8 27. Bc3 Qb1 28. Qg1 Qc2 29. Be1 Rb1 30. h3 Bb4 31. Qd4 Rxe1+ 32. Kh2 Bc5 33. Qxd7 Bg1+ 34. Kh1 Bd4+ 35. Kh2 Rh1+ 36. Kxh1 Qd1+ 37. Kh2 Qg1# 0-1


[Site "https://www.chess.com"]

[Event "Titled Tuesday Blitz August 1 Late 2023"]
[White "KrokerGuy"]
[Black "Ibarra Jerez, Jose Carlos"]
[BlackFideId "2226332"]
[WhiteElo "2406"]
[BlackElo "2886"]
[Result "1/2-1/2"]
[Round "2"]
[TimeControl "180+1"]
[Date "2023.08.01"]
[WhiteClock "0:00:03"]
[BlackClock "0:00:02"]
[Board "102"]

1. e4 c5 2. Nf3 e6 3. d4 cxd4 4. Nxd4 Bc5 5. Nc3 Qb6 6. Be3 Nc6 7. Na4 Qa5+ 8. c3 Bxd4 9. Bxd4 Nxd4 10. Qxd4 e5 11. Qb4 Qxb4 12. cxb4 Nf6 13. Bd3 d5 14. exd5 Nxd5 15. a3 O-O 16. O-O Nf4 17. Bc4 b6 18. g3 Nh3+ 19. Kg2 Ng5 20. Bd5 Bh3+ 21. Kg1 Rad8 22. Rfd1 Bg4 23. Nc3 Bxd1 24. Rxd1 Rd7 25. h4 Ne6 26. Bxe6 Rxd1+ 27. Nxd1 fxe6 28. Kf1 Rc8 29. Nc3 Kf7 30. Ke2 Ke7 31. Kd3 Rd8+ 32. Ke3 Kf6 33. f3 h5 34. Ne4+ Kf5 35. Nf2 g5 36. hxg5 Kxg5 37. Nd3 Kf5 38. b5 Rxd3+ 39. Kxd3 e4+ 40. fxe4+ Kg4 41. Kd4 Kxg3 42. Ke5 h4 43. Kxe6 h3 44. e5 h2 45. Kd6 h1=Q 46. e6 Qd1+ 47. Kc6 Qc2+ 48. Kb7 Qe4+ 49. Kxa7 Qxe6 50. b4 Kf4 51. a4 Ke5 52. a5 bxa5 53. bxa5 Kd6 54. b6 Kc6 55. b7 Qe3+ 56. Ka8 Qc5 57. b8=Q Qxa5+ 58. Qa7 Qd8+ 59. Qb8 Qd7 60. Qa7 Qc8+ 61. Qb8 Qd7 62. Qa7 Qe8+ 63. Qb8 Qe7 64. Qc8+ Kb6 65. Qb8+ Ka6 66. Qc8+ Kb6 67. Qb8+ Kc6 68. Qc8+ Kd6 69. Qb8+ Kc5 70. Qc8+ Kb5 71. Qb7+ Qxb7+ 72. Kxb7 1/2-1/2


[Site "https://www.chess.com"]

[Event "Titled Tuesday Blitz August 1 Late 2023"]
[White "Uzcategui Rodriguez, Alejandro"]
[Black "Hansen, Eric"]
[WhiteFideId "3903400"]
[BlackFideId "2606771"]
[WhiteElo "2403"]
[BlackElo "2845"]
[Result "0-1"]
[Round "2"]
[TimeControl "180+1"]
[Date "2023.08.01"]
[WhiteClock "0:00:07"]
[BlackClock "0:01:36"]
[Board "103"]

1. d4 Nf6 2. Nf3 e6 3. Bg5 d5 4. Nbd2 h6 5. Bh4 Be7 6. e3 b6 7. Bd3 Bb7 8. Ne5 Nbd7 9. f4 O-O 10. O-O Ne4 11. Bxe7 Qxe7 12. Ndf3 c5 13. c3 Rac8 14. Qe2 Rfd8 15. Rad1 Rc7 16. Nxd7 Qxd7 17. Ne5 Qe8 18. Qg4 f6 19. Nf3 b5 20. f5 exf5 21. Qxf5 Bc8 22. Qf4 Re7 23. h3 c4 24. Bc2 Ng5 25. Nxg5 hxg5 26. Qf2 Rxe3 27. Rde1 Re6 28. Bb1 Qh5 29. Bf5 Ree8 30. Bxc8 Rxc8 31. Qf5 Qf7 32. Kf2 g6 33. Qf3 f5 34. Kg1 Re4 35. Qg3 Qf6 36. Rxe4 dxe4 37. Qe3 Kg7 38. d5 Qb6 39. Qxb6 axb6 40. Kf2 Kf6 41. Ke3 Ke5 42. Rd1 Rd8 43. d6 f4+ 44. Ke2 Rxd6 0-1


[Site "https://www.chess.com"]

[Event "Titled Tuesday Blitz August 1 Late 2023"]
[White "Rasulov, Vugar"]
[Black "Sliwicki, Damian"]
[WhiteFideId "13402390"]
[BlackFideId "1127128"]
[WhiteElo "2831"]
[BlackElo "2403"]
[Result "1-0"]
[Round "2"]
[TimeControl "180+1"]
[Date "2023.08.01"]
[WhiteClock "0:01:48"]
[BlackClock "0:01:15"]
[Board "104"]

1. e3 c5 2. Ne2 g6 3. d4 cxd4 4. exd4 Bg7 5. c3 Nf6 6. Ng3 O-O 7. Bd3 b6 8. O-O Bb7 9. Re1 d6 10. Nd2 Nbd7 11. Nf3 Re8 12. Bg5 Qc7 13. a4 e5 14. dxe5 dxe5 15. Bb5 e4 16. Bxf6 Nxf6 17. Bxe8 exf3 18. Bb5 fxg2 19. Qe2 Nh5 20. Nxh5 gxh5 21. Qe7 Qf4 22. Qxb7 1-0


[Site "https://www.chess.com"]